 Dungeon Crawl Stone Soup version 0.28.0-45-g0d030f2227 (webtiles) character file.

Game seed: 14868241137612232724

3251 Peloso the Carver (level 9, -10/78 HPs)
             Began as a Minotaur Fighter on Apr 8, 2022.
             Was a Believer of Okawaru.
             Mangled by an orc warrior
             ... wielding a +0 war axe
              (15 damage)
             ... in a bailey.
             The game lasted 00:17:20 (10265 turns).

Peloso the Carver (Minotaur Fighter)               Turns: 10265, Time: 00:17:21

Health: -10/78     AC: 16    Str: 22    XL:     9   Next: 67%
Magic:  7/9        EV: 10    Int:  5    God:    Okawaru [**....]
Gold:   554        SH:  7    Dex: 13    Spells: 8/8 levels left

rFire   . . .      SeeInvis .   a - +2 falchion (holy)
rCold   . . .      Faith    .   c - +0 buckler
rNeg    . . .      Spirit   .   d - +0 plate armour
rPois   .          Reflect  .   (helmet restricted)
rElec   .          Harm     .   (no cloak)
rCorr   .          Rampage  .   (no gloves)
Will    .....                   (no boots)
Stlth   ..........              (no amulet)
HPRegen 0.23/turn               (no ring)
MPRegen 0.11/turn               (no ring)

@: heroic, slowed, studying Shields, very slow
A: horns 2, retaliatory headbutt
a: Renounce Religion, Heroism


You were in a bailey.
You worshipped Okawaru.
Okawaru was pleased with you.
You visited 2 branches of the dungeon, and saw 9 of its levels.
You also visited: Bailey.

You collected 554 gold pieces.

Inventory:

Hand Weapons
 a - a +2 falchion of holy wrath (weapon)
 s - a +0 hand crossbow
Missiles
 t - 41 bolts
Armour
 b - a +0 scale mail
 c - a +0 buckler (worn)
 d - a +0 plate armour (worn)
 u - a +0 chain mail
Wands
 k - a wand of flame (16)
Scrolls
 f - a scroll of acquirement
 g - a scroll of holy word
 j - a scroll of silence
 l - 2 scrolls of immolation
 o - a scroll of enchant weapon
 v - 3 scrolls of identify
Potions
 e - 2 potions of magic
 h - a potion of flight
 p - a potion of attraction
 r - 3 potions of lignification
 w - a potion of might


   Skills:
 + Level 6.6(11.6) Fighting
 + Level 10.4(15.4) Long Blades
 + Level 9.7(14.7) Armour
 + Level 2.6(7.6) Dodging
 + Level 1.0(6.0) Stealth
 + Level 8.1(13.1) Shields
 + Level 1.4 Invocations
 + Level 0.4 Evocations


You had 8 spell levels left.
You didn't know any spells.
Your spell library contained the following spells:

 Spells                   Type           Power      Damage    Failure   Level
 Magic Dart               Conj           0%         1d3       99%         1
 Searing Ray              Conj           0%         2d4       100%        2
 Frozen Ramparts          Ice            0%         1d2       100%        3
 Fulminant Prism          Conj/Hex       0%         3d6       100%        4
 Ice Form                 Ice/Tmut       0%         N/A       100%        4
 Summon Ice Beast         Ice/Summ       Unusable   N/A       N/A         4

Dungeon Overview and Level Annotations

Branches:
Dungeon (8/15)             Temple (1/1) D:4            Lair (0/6) D:8
 Bailey (1/1)

Altars:
Cheibriados
Dithmenos
Elyvilon
Fedhas
Kikubaaqudgha
Okawaru
Ru
Sif Muna
Uskayaw
Vehumet
Yredelemnul
Zin
The Shining One

Shops:
D:1 =   D:2 *   D:3 !   D:5 =


Innate Abilities, Weirdness & Mutations

You have a pair of horns on your head.
You reflexively headbutt those who attack you in melee.


Message History

As you read the scroll of teleportation, it crumbles to dust.
You feel strangely unstable.
* * * LOW HITPOINT WARNING * * *
You feel extremely sick.
The kobold brigand throws a poisoned dart.
The poisoned dart hits you!
You are more poisoned.
The kobold brigand throws a poisoned dart.
The poisoned dart hits you!
You are more poisoned.
You feel better.
Your surroundings suddenly seem different.
An orc warrior comes into view. It is wielding a +0 war axe.
You gain the combat prowess of a mighty hero.
The orc warrior shouts!
The kobold brigand hits you with a +0 war axe.
* * * LOW HITPOINT WARNING * * *
The kobold brigand throws a curare-tipped dart.
The curare-tipped dart barely misses you.
You hit the kobold brigand.
The kobold brigand is lightly wounded.
You block the kobold brigand's attack.
You hit the kobold brigand.
The kobold brigand is moderately wounded.
The kobold brigand hits you but does no damage.
The orc warrior barely misses you.
An orc warrior comes into view. It is wielding a +0 broad axe.
You hit the kobold brigand. You headbutt the kobold brigand.
The kobold brigand is heavily wounded.
The kobold brigand hits you but does no damage.
The orc warrior hits you with a +0 war axe!
* * * LOW HITPOINT WARNING * * *
The kobold brigand closely misses you.
Unknown command.
You closely miss the kobold brigand.
The kobold brigand is heavily wounded.
The kobold brigand barely misses you. You furiously retaliate!
You headbutt the kobold brigand!
The orc warrior hits you with a +0 war axe!
You die...

###'### ##..(..##
#..o8...#
#∩[...(∩#
##.....##
####'o'####
##≈.......≈##
###≈≈.......≈≈###
...≈≈..@K...≈≈...
###≈≈.Ko....≈≈###
...≈≈.......≈≈...
###≈≈.......≈≈###
...≈≈.......≈≈...
###≈≈.......≈≈###
...≈≈.......≈≈...
###≈≈.......≈≈###
...≈≈.......≈≈...


You could see 3 orc warriors and 2 kobold brigands.

Vanquished Creatures
  A gargoyle (D:7)
  An unseen horror (D:6)
  Sigmund (D:3)
  A water moccasin (D:8)
  2 orc warriors (D:7)
  A black bear (D:4)
  An ice beast (D:7)
  A sky beast (D:5)
  A necrophage (D:5)
  2 centaurs
  2 phantoms
  3 kobold brigands (Bailey)
  2 scorpions
  A wyvern skeleton (D:5)
  A howler monkey (D:4)
  A centaur zombie (D:8)
  A jelly (D:4)
  6 orc priests
  2 hounds
  2 centaur skeletons
  2 gnoll shamans
  5 iguanas
  10 orc wizards
  2 hound skeletons
  Robin (D:2)
  10 gnolls
  6 adders
  A shadow imp (D:6)
  3 ufetubi
  4 worms
  3 dart slugs (D:1)
  22 orcs
  4 bats
  5 endoplasms
  A giant cockroach (D:1)
  20 goblins
  15 hobgoblins
  4 jackals
  A quokka (D:4)
  6 ball pythons
  6 frilled lizards
  A jackal skeleton (D:4)
  18 kobolds
  5 rats
188 creatures vanquished.

Notes
Turn   | Place    | Note
-------+----------+-------------------------------------------
     0 | D:1      | Peloso the Minotaur Fighter began the quest for the Orb.
     0 | D:1      | Reached XP level 1. HP: 19/19 MP: 0/0
   118 | D:1      | Found a faded altar of an unknown god.
   337 | D:1      | Reached XP level 2. HP: 27/27 MP: 1/1
   387 | D:1      | Found Qom Mij's Jewellery Shop.
   760 | D:1      | Reached XP level 3. HP: 22/33 MP: 2/2
   883 | D:1      | Reached skill level 3 in Long Blades
  1373 | D:2      | Noticed Robin
  1387 | D:2      | Killed Robin
  1393 | D:2      | Reached XP level 4. HP: 15/40 MP: 3/3
  1813 | D:2      | Found Byl Joru's Assorted Antiques.
  1904 | D:2      | Identified a scroll of acquirement
  2007 | D:3      | Found Irphi's Distillery.
  2064 | D:3      | Noticed Sigmund
  2084 | D:3      | Killed Sigmund
  2085 | D:3      | Reached skill level 5 in Long Blades
  2085 | D:3      | Reached skill level 1 in Dodging
  2085 | D:3      | Reached XP level 5. HP: 30/47 MP: 4/4
  2388 | D:3      | Reached XP level 6. HP: 48/53 MP: 5/5
  2696 | D:3      | Found a radiant altar of Vehumet.
  2696 | D:3      | Found an ancient bone altar of Kikubaaqudgha.
  2939 | D:4      | Reached skill level 5 in Armour
  3127 | D:4      | Reached skill level 5 in Shields
  3135 | D:4      | Reached skill level 5 in Fighting
  3135 | D:4      | Reached skill level 6 in Long Blades
  3135 | D:4      | Reached XP level 7. HP: 31/61 MP: 6/6
  3426 | D:4      | Found a staircase to the Ecumenical Temple.
  3433 | Temple   | Entered the Ecumenical Temple
  3589 | Temple   | Became a worshipper of Warmaster Okawaru
  4615 | D:5      | Entered Level 5 of the Dungeon
  4653 | D:5      | Found Iziazy's Jewellery Shoppe.
  5275 | D:5      | Reached skill level 7 in Long Blades
  5546 | D:5      | Reached XP level 8. HP: 43/68 MP: 7/7
  6087 | D:5      | Reached * piety under Okawaru
  6414 | D:5      | Reached skill level 8 in Long Blades
  6840 | D:6      | Killed an unseen horror
  6840 | D:6      | Reached ** piety under Okawaru
  6841 | D:6      | Reached skill level 9 in Long Blades
  6841 | D:6      | Reached XP level 9. HP: 24/75 MP: 5/8
  7928 | D:7      | Reached skill level 1 in Invocations
  8425 | D:7      | Noticed a gargoyle
  8436 | D:7      | Killed a gargoyle
  8786 | D:7      | Reached skill level 1 in Stealth
  8844 | D:7      | Found a shimmering blue altar of Sif Muna.
  8871 | D:7      | Reached skill level 10 in Long Blades
  9082 | D:7      | Found a glowing silver altar of Zin.
  9092 | D:7      | Found a sacrificial altar of Ru.
  9665 | D:8      | Found a flagged portal.
  9769 | Bailey   | Entered a bailey
 10245 | Bailey   | Identified the +0 cloak of Noughts and Crosses {Rampage}
 10258 | Bailey   | HP: 3/78 [poisoned by a kobold brigand]
 10265 | Bailey   | Mangled by an orc warrior

Illustrated notes

Levels and vault maps discovered:
D:1:      amcnicky_arrival_single_pillar, layout_loops_ring, serial_shops,
          nicolae_diamond_shop, chequers_ecumenical_altar_simple
D:2:      layout_rooms, serial_shops, shop, uniq_robin
D:3:      cheibrodos_greedy_goblins, layout_basic,
          gammafunk_temple_overflow_wave, serial_shops, shop, uniq_sigmund
D:4:      minmay_opposing_rooms, layout_loops_ring, minmay_temple_entry_mist,
          minmay_manual_mullet
D:5:      layout_loops_ring, serial_shops, nicolae_lakefront_shop,
          abandoned_shop
D:6:      layout_loops_ring, minmay_misc_feat_encased
D:7:      layout_basic, amethyst_overflow_temple_binary,
          kennysheep_orc_sif_temple, serial_curves, eino_curves_01,
          eino_curves_01, uniq_crazy_yiuf_cottage
D:8:      nicolae_whirlpool, layout_loops_ring, erik_lair_dragon, enter_bailey_8
Temple:   minmay_crystal_spiral_temple
Bailey:   bailey_axe_3, bailey

Skill      XL: |  1  2  3  4  5  6  7  8  9 |
---------------+----------------------------+-----
Armour         | 4 5 6 8 9 |  9.7
Shields        | 4 5 6 7 8 |  8.1
Fighting       | 4 5 6 |  6.6
Long Blades    | 3 5 6 7 9 10 | 10.4
Dodging        | 1 2 |  2.6
Invocations    | 1 |  1.4
Stealth        | 1 |  1.0
Evocations     | |  0.4

Action                   |  1- 3 |  4- 6 |  7- 9 || total
-------------------------+-------+-------+-------++-------
Melee: Long sword        |    80 |   102 |    43 ||   225
       Headbutt          |     7 |    17 |    63 ||    87
       Falchion          |       |       |   338 ||   338
Invok: Heroism           |       |       |     8 ||     8
Evoke: Wand              |       |     4 |       ||     4
  Use: Scroll            |       |     5 |    10 ||    15
       Potion            |       |     1 |     4 ||     5
Armor: Scale mail        |    31 |    41 |    12 ||    84
       Chain mail        |       |       |   100 ||   100
       Plate armour      |       |       |    58 ||    58
Dodge: Dodged            |    55 |    38 |   119 ||   212
Block: Buckler           |    17 |    26 |   102 ||   145
